 Dungeon Crawl Stone Soup version 0.25-a0-290-g4a1327ee3a (webtiles) character file.

Game seed: 4676838309257579027, levelgen mode: deterministic

244 Gargoyl the Skirmisher (level 5, -3/46 HPs)
             Began as a Centaur Abyssal Knight on Dec 14, 2019.
             Was a Believer of Lugonu.
             Slain by Menkaure (19 damage)
             ... on level 3 of the Dungeon.
             The game lasted 00:07:20 (4223 turns).

Gargoyl the Skirmisher (Centaur Abyssal Knight)     Turns: 4223, Time: 00:07:21

Health: -3/46      AC: 10    Str: 12 (14) XL:     5   Next: 83%
Magic:  7/7        EV:  4    Int:  8 (11) God:    Lugonu [**....]
Gold:   142        SH:  0    Dex:  9 (10) Spells: 6/6 levels left

rFire    . . .     SeeInvis .   a - +2 hand axe
rCold    . . .     Gourm    .   (no shield)
rNeg     . . .     Faith    .   h - +0 chain mail
rPois    .         Spirit   .   (no helmet)
rElec    .         Reflect  .   (no cloak)
rCorr    .         Harm     .   f - +0 pair of gloves
MR       .....                  (no barding)
Stlth    ..........             (no amulet)
HPRegen  0.15/turn              d - ring of flight
MPRegen  0.10/turn              j - +1 ring of protection

@: very quick
A: large, hooves 3, deformed body, speed 2, tough skin 3
a: Depart the Abyss, Bend Space, Renounce Religion, Evoke Flight


You were on level 3 of the Dungeon.
You worshipped Lugonu.
Lugonu was pleased with you.
You were not hungry.

You visited 1 branch of the dungeon, and saw 4 of its levels.
You visited the Abyss 1 time.

You collected 142 gold pieces.

Inventory:

Hand Weapons
 a - a +2 hand axe (weapon)
Armour
 f - a +0 pair of gloves (worn)
 h - a +0 chain mail (worn)
Jewellery
 d - a ring of flight (left hand)
 j - a +1 ring of protection (right hand)
Scrolls
 b - 4 scrolls of identify
 e - a scroll of amnesia
Comestibles
 c - 11 rations
 i - 2 chunks of flesh


   Skills:
 + Level 4.0 Fighting
 + Level 3.2 Axes
 + Level 2.1 Throwing
 * Level 2.7 Armour
 * Level 2.0 Dodging
 - Level 1.2 Stealth
 - Level 2.0 Unarmed Combat
 - Level 1.4 Spellcasting
 * Level 3.5 Invocations
 + Level 1.7 Evocations


You had 6 spell levels left.
You didn't know any spells.
Your spell library was empty.

Dungeon Overview and Level Annotations

Branches:
Dungeon (4/15)
 Temple: D:4-7

Altars:
Sif Muna
The Shining One

Annotations:
D:2 Sigmund
D:3 Menkaure


Innate Abilities, Weirdness & Mutations

You have hooves in place of feet.
Armour fits poorly on your strangely shaped body.
You cover ground very quickly.
You have extremely tough skin. (AC +3)


Message History

Menkaure gestures at you while chanting.
Pain shoots through your body!
You closely miss Menkaure. You kick Menkaure.
Menkaure is lightly damaged.
You hit Menkaure.
Menkaure is moderately damaged.
Menkaure barely misses you.
You completely miss Menkaure.
Menkaure is moderately damaged.
Menkaure hits you.
You hit Menkaure.
Menkaure is heavily damaged.
Menkaure gestures at you while chanting.
Pain shoots through your body!
You hit Menkaure but do no damage. You kick Menkaure, but do no damage.
Menkaure is heavily damaged.
Menkaure hits you!!
* * * LOW HITPOINT WARNING * * *
You feel better. Menkaure hits you!!
You die...

#....##.#######.##.##.##
#.#####.# #.##.##...
#.#####.# ####.##.##.##
#.......# #.......##.##
####.##########.##........[
#...............##......##.
#.##.##....<....##.#..#.#..
#.##>##..).........#..#....
#........<@M..........###..
#.##.##..[[....####........
#.......######## #.#######
#.#..##.# #.# #.#.###.# #.#
#.#.###.# #########.#
#.......# #....)....######
###.##### #.######.......##
##...######)# #.#####.##


You could see Menkaure.

Vanquished Creatures
  A crimson imp (D:3)
  An orc priest (D:3)
  An orc wizard (D:3)
  An iguana (D:3)
  Robin (D:2)
  3 adders (D:2)
  An ooze (D:3)
  A worm (D:2)
  2 dart slugs
  5 orcs (D:3)
  2 ball pythons
  4 bats
  4 giant cockroaches
  8 goblins
  14 hobgoblins
  A quokka (D:2)
  3 frilled lizards
  10 kobolds
  12 rats
75 creatures vanquished.

Vanquished Creatures (others)
  Ijyb (D:3)
  2 starspawn tentacles (Abyss:1)
3 creatures vanquished.

Grand Total: 78 creatures vanquished

Notes
Turn   | Place    | Note
-------+----------+-------------------------------------------
     0 | Abyss:1  | Gargoyl the Centaur Abyssal Knight began the quest for the
                  | Orb.
     0 | Abyss:1  | Reached XP level 1. HP: 19/19 MP: 2/2
    49 | Abyss:1  | Reached skill level 1 in Dodging
    49 | Abyss:1  | Reached skill level 1 in Stealth
    49 | Abyss:1  | Reached skill level 1 in Spellcasting
    49 | Abyss:1  | Reached skill level 1 in Evocations
    49 | Abyss:1  | Reached XP level 2. HP: 27/27 MP: 2/4
   110 | Abyss:1  | Noticed a small abomination
   205 | Abyss:1  | Noticed a small abomination
   213 | Abyss:1  | Noticed an efreet
   215 | Abyss:1  | Noticed a starcursed mass
   227 | Abyss:1  | Noticed a tentacled starspawn
   229 | Abyss:1  | Noticed a ghost moth zombie
   239 | Abyss:1  | Noticed a starcursed mass
   273 | Abyss:1  | Noticed a bone dragon
   301 | Abyss:1  | Noticed a ynoxinul
   303 | D:1      | Escaped the Abyss
   753 | D:1      | Reached * piety under Lugonu
  1215 | D:1      | Reached XP level 3. HP: 33/33 MP: 5/5
  1545 | D:2      | Noticed Robin
  1552 | D:2      | Found a glowing golden altar of the Shining One.
  1555 | D:2      | Killed Robin
  1555 | D:2      | Reached XP level 4. HP: 12/40 MP: 6/6
  1940 | D:2      | Found a shimmering blue altar of Sif Muna.
  1989 | D:2      | Noticed Sigmund
  2672 | D:2      | Reached ** piety under Lugonu
  2762 | D:3      | Noticed Ijyb
  2770 | D:3      | Killed Ijyb
  3140 | D:3      | Reached XP level 5. HP: 34/46 MP: 7/7
  3392 | D:3      | Reached skill level 4 in Fighting
  3865 | D:4      | Noticed Menkaure
  4223 | D:3      | Slain by Menkaure

Levels and vault maps discovered:
D:1:      nzn_arrival_crosshair, layout_basic, serial_bayou_pond_a
D:2:      layout_basic, lemuel_crystal_altar, lemuel_doored_altar,
          marbit_many_paths, uniq_sigmund, uniq_robin
D:3:      layout_loops_cross, first_ration, uniq_ijyb
D:4:      layout_gridville, minivault_24, trog_butcher_becter, uniq_menkaure

Skill      XL: |  1  2  3  4  5 |
---------------+----------------+-----
Axes           | 2 3 |  3.2
Throwing       | 2 |  2.1
Armour         | 2 |  2.7
Dodging        | 1 2 |  2.0
Stealth        | 1 |  1.2
Unarmed Combat | 2 |  2.0
Spellcasting   | 1 |  1.4
Invocations    | 3 |  3.5
Evocations     | 1 |  1.7
Fighting       | 4 |  4.0

Action                   |  1- 3 |  4- 6 || total
-------------------------+-------+-------++-------
Melee: Hand axe          |    88 |   180 ||   268
       Kick              |    14 |    30 ||    44
Invok: Depart the Abyss  |     1 |       ||     1
  Use: Potion            |     1 |     5 ||     6
       Scroll            |     5 |     2 ||     7
  Eat: Chunk             |     1 |     8 ||     9
Armor: Ring mail         |    59 |    47 ||   106
       Chain mail        |       |    68 ||    68
Dodge: Dodged            |    41 |    53 ||    94

Table legend:
 A = Non-vault XP
 B = Vault XP
 C = Vault XP percentage of total XP
 D = Non-vault monster count
 E = Vault monster count
 F = Vault count percentage of total count
                 A         B        C        D         E       F
            +---------+---------+-------+---------+---------+-------
      Total |     308 |      29 |   8.6 |      66 |       8 |  10.8
            +---------+---------+-------+---------+---------+-------
        D:1 |      36 |       0 |   0.0 |      23 |       0 |   0.0
        D:2 |      72 |      29 |  28.7 |      20 |       8 |  28.6
        D:3 |     200 |       0 |   0.0 |      23 |       0 |   0.0
            +---------+---------+-------+---------+---------+-------
